 Dungeon Crawl Stone Soup version 0.27-a0-1051-g288ea87c7c (webtiles) character file.

Game seed: 3852889686010048663

1743 siradein the Charlatan (level 8, -2/64 HPs)
             Began as a Demonspawn Artificer on Apr 21, 2021.
             Was a Follower of Dithmenos.
             Slain by an ufetubus (4 damage)
             ... on level 5 of the Dungeon.
             The game lasted 00:24:48 (8418 turns).

siradein the Charlatan (Demonspawn Artificer)       Turns: 8418, Time: 00:24:49

Health: -2/64      AC: 11    Str: 13    XL:     8   Next: 77%
Magic:  11/11      EV:  6    Int: 14    God:    Dithmenos [*.....]
Gold:   294        SH:  4    Dex: 14    Spells: 7/7 levels left

rFire    . . .     SeeInvis .   B - +0 falchion (flame)
rCold    . . .     Faith    .   (no shield)
rNeg     . . .     Spirit   .   y - +0 chain mail
rPois    .         Reflect  .   (no helmet)
rElec    .         Harm     .   o - +0 cloak
rCorr    +         Rampage  .   (no gloves)
Will     .....                  a - +0 pair of boots
Stlth    ..........             (no amulet)
HPRegen  0.20/turn              z - ring of resist corrosion
MPRegen  0.12/turn              (no ring)

@: wreathed by umbra
A: hooves 2, large bone plates 1, powered by pain 2
a: Renounce Religion


You were on level 5 of the Dungeon.
You worshipped Dithmenos.
Dithmenos was aware of your devotion.
You visited 1 branch of the dungeon, and saw 5 of its levels.
You also visited: Sewer.

You collected 294 gold pieces.

Inventory:

Hand Weapons
 g - a +1 short sword of venom
 p - a +2 dagger of speed
 B - a +0 falchion of flaming (weapon)
Missiles
 b - 7 silver javelins
 s - a curare-tipped dart
Armour
 a - a +0 pair of boots (worn)
 o - a +0 cloak (worn)
 y - a +0 chain mail (worn)
Jewellery
 z - a ring of resist corrosion (left hand)
Wands
 c - a wand of flame (15) (quivered)
 d - a wand of charming (15)
 h - a wand of digging (4)
Scrolls
 f - a scroll of teleportation
 j - a scroll of enchant armour {unknown}
 l - a scroll of noise {unknown}
 m - a scroll of magic mapping {unknown}
 u - a scroll of enchant weapon {unknown}
Potions
 i - 2 potions of haste
 k - 2 potions of invisibility
 q - 2 potions of curing
 r - 2 potions of heal wounds {unknown}
 t - 2 potions of flight {unknown}
 v - a potion of ambrosia {unknown}
 w - a potion of brilliance {unknown}
 A - 2 potions of lignification {unknown}
Miscellaneous
 e - a piece from Xom's chessboard (15/15)


   Skills:
 - Level 6.0 Fighting
 + Level 3.1 Long Blades
 + Level 3.2 Armour
 + Level 2.1 Dodging
 - Level 0.8 Stealth
 + Level 4.4 Invocations
 + Level 7.7 Evocations


You had 7 spell levels left.
You didn't know any spells.
Your spell library contained the following spells:

 Spells                   Type           Power      Damage    Failure   Level
 Confusing Touch          Hex            0%         N/A       100%        3
 Gell's Gravitas          Tloc           0%         N/A       100%        3
 Petrify                  Tmut/Erth      0%         N/A       100%        4
 Metabolic Englaciation   Hex/Ice        0%         N/A       100%        5
 Yara's Violent Unravell  Hex/Tmut       0%         3d3       100%        5


Dungeon Overview and Level Annotations

Branches:
Dungeon (5/15)              Sewer (visited)
 Temple: D:4-7

Altars:
Dithmenos
Kikubaaqudgha

Shops:
D:5 (


Innate Abilities, Weirdness & Mutations

You have hoof-like feet.
You are partially covered in large bone plates. (SH +4)
You sometimes gain power by taking damage.


Message History

Pain shoots through your body! Something hits you but does no damage.
The ufetubus hits you but does no damage.
The ufetubus hits you.
You hit the orc priest. You burn the orc priest.
The orc priest is heavily wounded.
The orc priest miscasts a cantrip.
The ufetubus barely misses you. x2; Something hits you but does no damage.
The orc priest invokes the aid of Beogh against you.
Beogh smites you!
* * * LOW HITPOINT WARNING * * *
Okay, then.
Aiming: Mindburst
Press: ? - help, Shift-Dir - straight line, f - orc priest
Aim: an orc priest, wielding a +0 dagger and wearing a +0 chain mail (heavily wounded, umbra, chance to affect: 87%)
The orc priest's mind is blasted!!
You blow up the orc priest!
Dithmenos accepts your kill.
The now-empty wand crumbles to dust.
The ufetubus hits you.
* * * LOW HITPOINT WARNING * * *
You block the ufetubus's attack. Something hits you.
* * * LOW HITPOINT WARNING * * *
The ufetubus hits you.
* * * LOW HITPOINT WARNING * * *
The ufetubus hits you but does no damage.
The ufetubus barely misses you.
The ufetubus hits you but does no damage.
The ufetubus closely misses you. You block the ufetubus's attack.
The ufetubus closely misses you.
The ufetubus hits you but does no damage.
A magic dart appears from out of thin air!
The magic dart hits you but does no damage.
The ufetubus hits you but does no damage. x2
You block the hound's attack. The ufetubus hits you.
* * * LOW HITPOINT WARNING * * *
The ufetubus hits you but does no damage.
The hound bites you.
* * * LOW HITPOINT WARNING * * *
The ufetubus hits you but does no damage. x2
The ufetubus hits you.
You die...

#........##......ā‰ˆā‰ˆ
#........##......##
#........##......##
#........##.......# ####
#).......##.......# #... ###
#........##.......#####...
..######.......o###..............
.......#.......5##..Pā™£...........
...###.#.......h@....P...........
...# #.#........###..............
...# #.#.....)..# ##.............
.#.###......#)### #.............
............#.######.##.#........
............#......#....######...
............######.#.#### #...
............# #.#.# #...
............# #.#.# ###.


You could see a hound, an orc and an ufetubus.

Vanquished Creatures
  Grinder (D:3)
  A sky beast (D:5)
  2 ogres (D:5)
  A centaur (D:5)
  A phantom (D:5)
  5 kobold brigands (Sewer)
  A scorpion (D:5)
  2 howler monkeys
  3 hounds
  A jelly (D:5)
  3 orc priests
  Ijyb (D:3)
  Natasha (D:3)
  6 orc wizards
  2 hound skeletons (D:4)
  5 adders
  2 river rats (Sewer)
  An ufetubus (D:5)
  2 adder skeletons (D:4)
  9 worms
  A dart slug (D:2)
  19 orcs
  2 bats (D:1)
  6 endoplasms
  4 giant cockroaches
  4 goblins
  4 hobgoblins
  14 jackals
  4 quokkas
  9 ball pythons
  3 frilled lizards
  7 kobolds
  10 rats
137 creatures vanquished.

Vanquished Creatures (others)
  2 orc wizards
  2 fungi (D:3)
  8 plants (D:3)
12 creatures vanquished.

Grand Total: 149 creatures vanquished

Notes
Turn   | Place    | Note
-------+----------+-------------------------------------------
     0 | D:1      | siradein the Demonspawn Artificer began the quest for the
                  | Orb.
     0 | D:1      | Reached XP level 1. HP: 15/15 MP: 1/1
   520 | D:1      | Gained mutation: You have large cloven feet. [demonic
                  | ancestry]
   520 | D:1      | Reached XP level 2. HP: 19/21 MP: 2/2
  1344 | D:2      | Gained mutation: You have hoof-like feet. [demonic
                  | ancestry]
  1344 | D:2      | Reached XP level 3. HP: 16/28 MP: 3/3
  1357 | D:2      | Reached skill level 4 in Evocations
  2000 | D:2      | Gained mutation: You sometimes gain a little power by
                  | taking damage. [demonic ancestry]
  2000 | D:2      | Reached XP level 4. HP: 34/34 MP: 4/4
  2444 | D:3      | Found a glowing drain.
  2460 | Sewer    | Entered a sewer
  3290 | Sewer    | Gained mutation: You are partially covered in large bone
                  | plates. (SH +4) [demonic ancestry]
  3290 | Sewer    | Reached XP level 5. HP: 41/41 MP: 5/5
  3689 | Sewer    | Reached skill level 5 in Evocations
  3689 | Sewer    | Gained mutation: You sometimes gain power by taking damage.
                  | [demonic ancestry]
  3689 | Sewer    | Reached XP level 6. HP: 25/48 MP: 6/6
  4262 | Sewer    | Reached skill level 5 in Fighting
  4262 | Sewer    | Reached skill level 6 in Evocations
  4262 | Sewer    | Reached XP level 7. HP: 20/56 MP: 7/7
  4501 | D:3      | Noticed Grinder
  4501 | D:3      | Paralysed by Grinder for 2 turns
  4510 | D:3      | Killed Grinder
  5025 | D:3      | Found a shadowy altar of Dithmenos.
  5049 | D:3      | Noticed Ijyb
  5074 | D:3      | Killed Ijyb
  5280 | D:3      | Noticed Natasha
  5301 | D:3      | Killed Natasha
  5494 | D:3      | Found a faded altar of an unknown god.
  5544 | D:3      | Became a worshipper of Dithmenos the Shadowed
  5761 | D:3      | Reached skill level 1 in Invocations
  5818 | D:3      | Reached skill level 1 in Long Blades
  6090 | D:4      | Reached skill level 7 in Evocations
  6166 | D:4      | Reached XP level 8. HP: 29/64 MP: 9/9
  6418 | D:4      | Reached * piety under Dithmenos
  6508 | D:4      | Found an ancient bone altar of Kikubaaqudgha.
  6741 | D:5      | Entered Level 5 of the Dungeon
  7225 | D:5      | Reached skill level 1 in Dodging
  8347 | D:5      | Found Lynoc's Antique Weapon Shop.
  8407 | D:5      | HP: 3/64 [ufetubus (4)]
  8415 | D:5      | HP: 3/64 [ufetubus (2)]
  8418 | D:5      | Slain by an ufetubus

Illustrated notes

Levels and vault maps discovered:
D:1:      eino_arrival_tree_alley, layout_basic, chequers_serial_rivers_small_a,
          st_stairs_7
D:2:      layout_basic, serial_glass, glass_columns_a, glass_columns_c,
          minmay_strange_pillars, minmay_strange_pillars
D:3:      layout_rooms, nicolae_dithmenos_shadow_blocks,
          shapermc_ecumenical_altar_hornbeckon, portal_sewer_entry_a,
          uniq_grinder, uniq_ijyb, uniq_natasha
D:4:      layout_rooms, nicolae_overflow_hidden_temple
D:5:      layout_basic, serial_shops, nicolae_shop_behind_doors,
          serial_park_tiny_1, kennysheep_opposing_triangles

Skill      XL: |  1  2  3  4  5  6  7  8 |
---------------+-------------------------+-----
Fighting       | 2 3 4 5 6 |  6.0
Evocations     | 4 5 6 7 |  7.7
Invocations    | 2 4 |  4.4
Long Blades    | 1 3 |  3.1
Armour         | 3 |  3.2
Dodging        | 2 |  2.1
Stealth        | |  0.8

Action                   |  1- 3 |  4- 6 |  7- 9 || total
-------------------------+-------+-------+-------++-------
Melee: Short sword       |    62 |    33 |    80 ||   175
       Club              |     4 |       |       ||     4
       Kick              |     8 |       |       ||     8
       Dagger            |       |   177 |       ||   177
       Falchion          |       |       |   360 ||   360
Evoke: Wand              |       |     7 |     2 ||     9
  Use: Scroll            |       |       |     5 ||     5
Armor: Leather armour    |    10 |       |       ||    10
       Ring mail         |    10 |       |       ||    10
       Scale mail        |    11 |    41 |   113 ||   165
       Chain mail        |       |       |   130 ||   130
Dodge: Dodged            |    49 |    59 |   186 ||   294
Block: Other             |       |     3 |    85 ||    88
       Rpst.: Falchion   |       |       |    47 ||    47

Table legend: (Time is in decaauts)
 A = Elapsed time spent in this place.
 B = Non-inter-level travel time spent in this place.
 C = Inter-level travel time spent in this place.
 D = Time resting spent in this place.
 E = Time spent auto-exploring this place.
 F = Levels seen in this place.
 G = Mean time per level.
                   A        B        C        D        E       F      G
               +--------+--------+--------+--------+--------+-----+--------+
         Total |   8672 |   8554 |    118 |   1173 |   5662 |   6 | 1445.3 |
       Dungeon |   6503 |   6385 |    118 |    988 |   4079 |   5 | 1300.6 |
         Sewer |   2169 |   2169 |      0 |    185 |   1583 |   1 | 2169.0 |
               +--------+--------+--------+--------+--------+-----+--------+

Top non-repeatable levels by time:
   Sewer: 2169 daAuts
     D:5: 1705 daAuts
     D:3: 1423 daAuts
     D:2: 1266 daAuts
     D:1: 1167 daAuts
     D:4: 939 daAuts
